 Dungeon Crawl Stone Soup version 0.24-a0-358-g53aee78b01 (webtiles) character file.

Game seed: 8745140640888862815

37 theanonym the Magician (level 3, -5/21 HPs)
             Began as an Octopode Wizard on May 25, 2019.
             Slain by a hobgoblin
             ... wielding a +0 hand axe
              (6 damage)
             ... on level 2 of the Dungeon.
             The game lasted 00:02:37 (1180 turns).

theanonym the Magician (Octopode Wizard)            Turns: 1180, Time: 00:02:37

Health: -5/21      AC:  1    Str:  6    XL:     3   Next: 39%
Magic:  1/8        EV: 13    Int: 21    God:
Gold:   46         SH:  0    Dex: 10    Spells: 6/9 levels left

rFire    + . .     SeeInvis .   c - +0 short sword
rCold    x . .     Gourm    .   (no shield)
rNeg     . . .     Faith    .   a - +0 hat
rPois    .         Spirit   .   (no amulet)
rElec    .         Reflect  .   g - ring of fire
rCorr    .         Harm     .   (no ring)
MR       .....                  (no ring)
Stlth    +++.......             (no ring)
HPRegen  0.07/turn              (no ring)
MPRegen  0.11/turn              (no ring)
                                (no ring)
                                (no ring)

@: no status effects
A: almost no armour, stealthy swim, amphibious, 8 rings, constrict 8, camouflage
1, gelatinous body 1
a: no special abilities


Innate Abilities, Weirdness & Mutations

You cannot wear most types of armour.
You are very stealthy in the water. (Stealth+)
You are amphibious.
You can wear up to eight rings at the same time.
You can use your tentacles to constrict eight enemies at once.
Your skin changes colour to match your surroundings (Stealth+).
Your rubbery body absorbs attacks. (AC +1, EV +1)


   Skills:
 - Level 2.0 Dodging
 - Level 2.6 Stealth
 + Level 3.6 Spellcasting
 + Level 2.3 Conjurations
   Level 1.0 Summonings
 - Level 1.0 Translocations


You had 6 spell levels left.
You knew the following spells:

 Your Spells              Type           Power        Failure   Level  Hunger
a - Magic Dart            Conj           ##..         4%          1    None
l - Blink                 Tloc           N/A          13%         2    ##.....

Your spell library contained the following spells:

 Spells                   Type           Power        Failure   Level  Hunger
 Call Imp                 Summ           #.......     13%         2    ##.....
 Slow                     Hex            #.......     19%         2    ##.....
 Conjure Flame            Conj/Fire      ##......     24%         3    ###....
 Mephitic Cloud           Conj/Pois/Air  #.......     26%         3    ###....

Skill      XL: |  1  2 |
---------------+-------+-----
Conjurations   | 2 |  2.3
Dodging        | |  2.0
Stealth        | |  2.6
Spellcasting   | |  3.6
Summonings     | |  1.0
Translocations | |  1.0

Action                   || total
-------------------------++-------
Melee: Unarmed           ||     8
       Constrict         ||    13
       Short sword       ||    47
       Tentacles         ||    13
 Cast: Magic Dart        ||    15
 Stab: Sleeping          ||     5
  Eat: Chunk             ||     1
Armor: Skin              ||     6
Dodge: Dodged            ||    46

Inventory:

Hand Weapons
 c - a +0 short sword (weapon)
Armour
 a - a +0 hat (worn)
Jewellery
 g - a ring of fire (left tentacle)
Scrolls
 b - a scroll of enchant armour {unknown}
 d - a scroll of immolation {unknown}
 f - 7 scrolls of identify {unknown}
 h - a scroll of remove curse {unknown}
 j - a scroll of random uselessness {unknown}
 k - a scroll of fear {unknown}
Comestibles
 e - 4 rations


You were on level 2 of the Dungeon.
You were not hungry.

You visited 1 branch of the dungeon, and saw 2 of its levels.

You collected 46 gold pieces.

Dungeon Overview and Level Annotations

Branches:
Dungeon (2/15)

Altars:

#...>.................
#.######.####.(.......
# #.# #.##...... #.#
#.##.####. #.####.##.#
#.....>[..#
######.##.#
#.##g####.#
#...@†....#
####w###### #.# #.#
#.. ###


You could see a worm and a hobgoblin.

Notes
Turn   | Place    | Note
-------+----------+-------------------------------------------
     0 | D:1      | theanonym the Octopode Wizard began the quest for the Orb.
     0 | D:1      | Reached XP level 1. HP: 11/11 MP: 4/4
   211 | D:1      | Reached XP level 2. HP: 17/17 MP: 6/6
   477 | D:1      | HP: 8/17 [kobold/+0 whip (5)]
   813 | D:1      | Reached skill level 2 in Conjurations
   817 | D:1      | Learned a level 2 spell: Blink
   817 | D:1      | theanonym: !greatrace op
   817 | D:1      | beem: Unwon octopodes for theanonym: OpAE, OpAK, OpAM,
                  | OpAr, OpAs, OpBe, OpCK, OpEE, OpEn, OpFi, OpGl, OpHu, OpIE,
                  | OpMo, OpNe, OpSk, OpSu, OpTm, OpVM, OpWn, OpWr, OpWz
  1054 | D:2      | Reached XP level 3. HP: 15/21 MP: 2/8
  1179 | D:2      | HP: 5/21 [worm (7)]
  1179 | D:2      | HP: 1/21 [hobgoblin/+0 hand axe (4)]
  1180 | D:2      | Slain by a hobgoblin

Vanquished Creatures
  An adder (D:2)
  A dart slug (D:1)
  2 giant cockroaches
  3 goblins
  2 hobgoblins (D:1)
  2 jackals (D:1)
  4 bats
  2 frilled lizards
  6 kobolds
  A rat (D:1)
24 creatures vanquished.

Table legend:
 A = Turns spent in this place as a percentage of turns spent in the entire game.
 B = Non-inter-level travel turns spent in this place as a percentage of non-inter-level travel turns spent in the entire game.
 C = Inter-level travel turns spent in this place as a percentage of turns spent in this place.
 D = Turns resting spent in this place as a percentage of non-inter-level travel turns spent in this place.
 E = Turns spent auto-exploring this place as a percentage of non-inter-level travel turns spent in this place.
 F = Non-inter-level travel turns spent in this place divided by the number of levels of this place that you've seen.
                   A       B       C       D       E      F
               +-------+-------+-------+-------+-------+----------------------
         Total | 100.0 | 100.0 |   1.2 |  36.5 |  51.1 | 583.0
       Dungeon | 100.0 | 100.0 |   1.2 |  36.5 |  51.1 | 583.0
               +-------+-------+-------+-------+-------+----------------------
